Map: Abyssal Reef LE

Players

Lambo

  • Race: Zerg Zerg
  • Spawn Location: 11:00

Elazer - Winner!

  • Race: Zerg Zerg
  • Spawn Location: 5:00

Event: WCS Valencia 2017

VOD

Have the link to the VOD?

Description

Time

  • Played on: July 13, 2017, 12:58 p.m.
  • Length: 10:17

All games in this series

Show
View Real Time Build Order
Export as new Build Order

Lambo Zerg 

Build Orders: Hatch First 

Get SALT Encoding   

  12  0:00  Drone  
  13  0:12  Overlord  
  13  0:17  Drone  
  14  0:30  Drone x2  
  17  0:35  Drone  
  17  0:52  Hatchery  
  17  0:55  Drone  
  17  0:59  Drone  
  18  1:09  Extractor  
  17  1:13  Spawning Pool  
  17  1:16  Drone  
  17  1:19  Drone  
  18  1:27  Drone  
  19  1:39  Overlord  
  19  1:49  Drone  
  20  2:00  Queen, Zergling x2  
  23  2:04  Queen, Zergling x2  
  26  2:08  Metabolic Boost  
  26  2:11  Drone  
  26  2:14  Drone  
  28  2:25  Zergling x2  
  28  2:26  Drone  
  30  2:31  Baneling Nest  
  30  2:32  Drone  
  31  2:37  Drone  
  31  2:48  Hatchery  
  30  2:55  Drone x2  
  30  2:58  Overlord  
  31  3:01  Zergling x2  
  32  3:06  Zergling x2  
  32  3:11  Zergling x6  
  36  3:17  Drone x2  
  36  3:18  Baneling x2  
  38  3:24  Zergling x4  
  40  3:29  Drone x2  
  40  3:32  Overlord  
  41  3:41  Overlord  
  41  3:45  Overlord  
  41  3:48  Drone x3  
  44  3:53  Drone x3  
  47  3:57  Drone  
  47  4:05  Evolution Chamber, Drone x2  
  47  4:06  Drone  
  49  4:15  Drone x3  
  51  4:19  Drone x3  
  52  4:26  Drone x2  
  52  4:27  Extractor, Drone  
  52  4:29  Extractor, Baneling x2  
  53  4:31  Zergling x4  
  53  4:32  Zerg Missile Weapons Level 1  
  53  4:35  Roach Warren  
  54  4:42  Zergling x6  
  54  4:44  Lair  
  56  4:50  Zergling x4  
  56  4:51  Zergling x2  
  59  4:55  Baneling  
  59  4:57  Queen  
  59  5:00  Queen  
  59  5:02  Zergling x8  
  59  5:03  Baneling  
  63  5:08  Zergling x6  
  63  5:13  Zergling x4  
  63  5:14  Zergling x2  
  63  5:18  Drone x2  
  63  5:21  Drone  
  56  5:24  Drone x2  
  56  5:25  Drone  
  56  5:27  Drone  
  55  5:29  Drone  
  56  5:36  Drone x3  
  56  5:42  Baneling x4  
  59  5:44  Roach x2  
  59  5:45  Drone  
  64  5:53  Drone  
  64  5:54  Drone x3  
  62  5:58  Roach  
  62  5:59  Queen  
  62  6:00  Extractor  
  62  6:02  Roach  
  67  6:06  Roach  
  67  6:11  Zergling x2  
  68  6:14  Zergling x4  
  68  6:16  Zergling x6  
  72  6:23  Roach  
  74  6:30  Drone  
  74  6:35  Drone x3  
  74  6:39  Glial Reconstitution, Drone x4  
  67  6:44  Zerg Missile Weapons Level 2  
  67  6:45  Drone x2  
  69  6:48  Drone x3  
  69  6:50  Queen  
  69  6:52  Drone  
  73  6:55  Drone  
  74  7:01  Overlord  
  74  7:05  Overlord  
  74  7:10  Overlord  
  74  7:12  Overlord  
  74  7:14  Roach  
  72  7:16  Overlord  
  72  7:18  Overlord  
  72  7:19  Roach  
  72  7:20  Ravager x2  
  72  7:21  Roach x2  
  79  7:24  Roach  
  79  7:25  Roach  
  79  7:27  Ravager x2  
  79  7:29  Roach  
  87  7:31  Roach  
  87  7:34  Roach  
  91  7:41  Roach x4  
  91  7:43  Overlord  
  99  7:49  Roach x2  
  99  7:50  Roach  
  105  7:55  Roach x2  
  109  7:58  Overlord  
  109  7:59  Roach  
  109  8:00  Roach  
  113  8:08  Roach x3  
  113  8:09  Roach  
  111  8:17  Roach x3  
  111  8:18  Roach  
  96  8:22  Zergling x8, Roach  
  96  8:26  Roach  
  89  8:29  Zergling x4, Roach  
  89  8:32  Roach  
  87  8:34  Roach  
  87  8:38  Roach  
  83  8:43  Queen, Roach  
  83  8:48  Roach  
  84  8:49  Queen  
  84  8:51  Drone  
  84  8:54  Roach  
  84  8:55  Queen  
  87  8:57  Drone  
  87  9:00  Drone  
  89  9:05  Drone x2  
  91  9:11  Roach  
  93  9:18  Roach x2  
  97  9:27  Roach x3  
  97  9:30  Hatchery  
  102  9:32  Roach  
  102  9:34  Ravager x2  
  102  9:35  Ravager  
  102  9:38  Roach x2  
  111  9:43  Roach  
  113  9:50  Roach x2  
  114  9:58  Roach x4  
Show
View Real Time Build Order
Export as new Build Order

Elazer Zerg - Winner!

Build Orders: Pool First, Zergling Baneling 

Get SALT Encoding   

  12  0:00  Drone  
  13  0:12  Overlord  
  13  0:17  Drone  
  14  0:30  Drone  
  14  0:31  Drone  
  14  0:34  Drone  
  17  0:44  Extractor  
  17  0:45  Drone  
  17  0:49  Spawning Pool  
  16  0:56  Drone  
  17  1:06  Drone  
  18  1:18  Hatchery  
  17  1:22  Drone  
  18  1:36  Queen  
  20  1:40  Drone  
  20  1:44  Metabolic Boost  
  21  1:51  Overlord  
  21  1:55  Drone  
  22  2:12  Queen, Zergling x2  
  22  2:13  Zergling x2  
  26  2:22  Drone  
  27  2:30  Drone  
  27  2:33  Drone  
  29  2:42  Zergling x2  
  29  2:43  Drone  
  31  2:46  Drone x2  
  31  2:47  Drone  
  34  2:53  Drone  
  35  2:59  Overlord  
  35  3:02  Drone  
  36  3:07  Hatchery  
  36  3:09  Drone  
  36  3:17  Baneling Nest  
  36  3:18  Zergling x2  
  36  3:19  Drone x3  
  40  3:20  Drone  
  40  3:26  Overlord  
  40  3:27  Drone  
  40  3:28  Drone  
  40  3:33  Queen  
  43  3:46  Zergling x2  
  43  3:47  Zergling x6  
  47  3:52  Zergling x6  
  47  3:54  Zergling x2  
  51  4:00  Baneling  
  51  4:01  Baneling x3  
  50  4:04  Zergling x2  
  50  4:06  Overlord  
  48  4:18  Zergling x6  
  48  4:24  Zergling x4  
  50  4:27  Overlord  
  50  4:29  Zergling x2  
  50  4:30  Zergling x4  
  53  4:34  Zergling x2  
  54  4:39  Overlord  
  54  4:41  Overlord  
  54  4:44  Extractor, Drone  
  54  4:45  Evolution Chamber  
  54  4:49  Extractor  
  54  4:51  Drone x2  
  54  4:52  Drone  
  55  4:55  Baneling x4  
  55  4:58  Drone x2  
  56  5:00  Drone  
  56  5:02  Drone x2  
  56  5:04  Overlord  
  58  5:12  Drone  
  55  5:16  Zergling x12  
  56  5:26  Overlord, Zerg Missile Weapons Level 1  
  56  5:28  Lair  
  53  5:29  Roach Warren, Zergling x12  
  53  5:32  Zergling x2  
  59  5:36  Baneling x2  
  59  5:37  Baneling  
  59  5:40  Overlord  
  59  5:44  Drone x2  
  59  5:46  Drone  
  63  5:50  Drone x2  
  63  5:52  Drone  
  63  5:56  Drone  
  64  5:58  Overlord  
  64  5:59  Overlord  
  64  6:01  Drone x3  
  67  6:04  Overlord  
  67  6:07  Drone  
  67  6:10  Drone  
  69  6:16  Baneling x2  
  65  6:20  Drone  
  65  6:25  Glial Reconstitution  
  64  6:28  Roach x4  
  64  6:31  Roach  
  70  6:37  Roach x3  
  71  6:42  Roach x2  
  71  6:44  Roach x2  
  79  6:50  Roach x2  
  83  6:56  Roach x3  
  83  6:58  Roach  
  83  7:00  Roach  
  83  7:01  Roach  
  95  7:04  Roach  
  95  7:06  Roach  
  99  7:11  Extractor  
  97  7:19  Roach x5  
  108  7:23  Roach  
  108  7:24  Roach  
  108  7:27  Roach  
  114  7:32  Roach  
  114  7:34  Overlord  
  114  7:35  Drone x5  
  121  7:40  Extractor x2, Drone x3  
  121  7:41  Drone  
  123  7:45  Overlord  
  123  7:49  Zerg Missile Weapons Level 2  
  123  7:50  Drone  
  124  7:53  Drone x3  
  124  7:54  Drone  
  124  7:57  Overlord  
  128  8:02  Overlord  
  116  8:14  Roach x7  
  116  8:19  Roach  
  120  8:22  Roach x3  
  120  8:23  Roach  
  118  8:29  Roach  
  118  8:30  Roach x3  
  118  8:35  Roach x2  
  118  8:40  Roach  
  114  8:50  Roach x6  
  114  8:54  Roach x2  
  120  9:04  Roach x2  
  120  9:05  Hatchery  
  120  9:08  Roach x2  
  127  9:13  Roach  
  127  9:14  Roach x2  
  127  9:15  Ravager x3  
  136  9:18  Roach  
  136  9:22  Roach x2  
  142  9:25  Roach  
  142  9:26  Roach  
  142  9:30  Roach x3  
  152  9:34  Roach x2  
  152  9:37  Overlord  
  156  9:42  Roach x3  
  162  9:57  Roach x4  
Tags
 
Add a new tag
Caveats
  • Supply blocks, unpowered buildings, or Contaminate may cause inaccurate times.
  • Supply counts are checked every 10 seconds.